 Dungeon Crawl Stone Soup version 0.27-a0-489-g24c7b1a3ef (webtiles) character file.

Game seed: 986130427774518289

285 davenfal the Shield-Bearer (level 5, -2/45 HPs)
             Began as a Demigod Fighter on Mar 2, 2021.
             Slain by a gnoll
             ... wielding a +0 antimagic halberd
              (11 damage)
             ... on level 4 of the Dungeon.
             The game lasted 00:04:18 (2928 turns).

davenfal the Shield-Bearer (Demigod Fighter)        Turns: 2928, Time: 00:04:19

Health: -2/45      AC:  9    Str: 21    XL:     5   Next: 79%
Magic:  1/7        EV:  5    Int: 10    God:
Gold:   175        SH: 10    Dex: 13    Spells: 4/4 levels left

rFire    . . .     SeeInvis .   a - +0 war axe
rCold    . . .     Faith    .   c - +0 kite shield
rNeg     . . .     Spirit   .   p - +0 chain mail
rPois    .         Reflect  .   (no helmet)
rElec    .         Harm     .   (no cloak)
rCorr    .         Rampage  .   (no gloves)
Will     .....                  (no boots)
Stlth    ..........             (no amulet)
HPRegen  0.15/turn              (no ring)
MPRegen  0.10/turn              (no ring)

@: no status effects
A: high mp 1
a: no special abilities


You were on level 4 of the Dungeon.
You visited 1 branch of the dungeon, and saw 4 of its levels.

You collected 175 gold pieces.

Inventory:

Hand Weapons
 a - a +0 war axe (weapon)
Armour
 b - a +0 scale mail
 c - a +0 kite shield (worn)
 p - a +0 chain mail (worn)
Jewellery
 q - a ring of protection from cold
Scrolls
 e - a scroll of teleportation {unknown}
 g - 3 scrolls of identify {unknown}
 h - a scroll of blinking {unknown}
 i - a scroll of immolation {unknown}
 j - a scroll of fog {unknown}
 n - a scroll of noise {unknown}
 o - a scroll of enchant weapon {unknown}
Potions
 d - 3 potions of might
 f - 3 potions of curing {unknown}
 k - 2 potions of attraction {unknown}
 l - a potion of flight {unknown}
 m - a potion of invisibility {unknown}


   Skills:
 + Level 3.5 Fighting
 * Level 3.5 Axes
 + Level 3.5 Armour
 * Level 4.1 Shields


You had 4 spell levels left.
You didn't know any spells.
Your spell library was empty.

Dungeon Overview and Level Annotations

Branches:
Dungeon (4/15)
 Temple: D:4-7


Innate Abilities, Weirdness & Mutations

You have an increased reservoir of magic. (+10% MP)


Message History

You block the gnoll's attack. The eye of draining gazes at you.
You block the gnoll's attack.
You slash the eye of draining!
The eye of draining is moderately wounded.
You block the gnoll's attack. The eye of draining gazes at you. x2
You hit the eye of draining.
The eye of draining is heavily wounded.
The gnoll hits you from afar with a +0 antimagic halberd.
* * * LOW HITPOINT WARNING * * *
Your shield prevents you from hitting the eye of draining.
The eye of draining is heavily wounded.
The gnoll hits you but does no damage. The eye of draining gazes at you.
You feel your power leaking away. The eye of draining gazes at you.
You block the gnoll's attack.
You slash the eye of draining!
The eye of draining is severely wounded.
The eye of draining gazes at you.
The gnoll hits you from afar with a +0 antimagic halberd.
* * * LOW HITPOINT WARNING * * *
The eye of draining gazes at you.
You slash the eye of draining!
You kill the eye of draining!
The gnoll hits you but does no damage.
Your Shields skill increases to level 4!
You hit the eye of draining.
The eye of draining is lightly wounded.
You block the gnoll's attack. The gnoll barely misses you.
You hit the eye of draining.
The eye of draining is lightly wounded.
The eye of draining gazes at you. You block the gnoll's attack.
The eye of draining gazes at you.
You hit the eye of draining.
The eye of draining is lightly wounded.
The gnoll hits you from afar with a +0 antimagic halberd!
You die...

######### #.......#
####.#####.# ####
#....#####.# ...
#........#.# #.#
#....###.#.# #..##
##.#.# #.#.#
#.G####.#.###.#.#
#.gG@...........#
.......#####.###.#####
_...... ### #.#
....... #.# ...8.##
#.# #...##.## #.#
#####...## ##.####
##.......## ##.....##
#.........####.......#


You could see 2 eyes of draining and a gnoll.

Vanquished Creatures
  An eye of draining (D:4)
  A bullfrog (D:3)
  A gnoll (D:4)
  5 adders
  An ooze (D:2)
  2 worms (D:2)
  3 dart slugs
  A leopard gecko (D:2)
  An orc (D:4)
  3 ball pythons
  6 bats
  2 giant cockroaches
  9 goblins
  6 hobgoblins
  9 jackals
  4 kobolds
  2 quokkas
  4 frilled lizards
  10 rats
71 creatures vanquished.

Notes
Turn   | Place    | Note
-------+----------+-------------------------------------------
     0 | D:1      | davenfal the Demigod Fighter began the quest for the Orb.
     0 | D:1      | Reached XP level 1. HP: 18/18 MP: 3/3
    88 | D:1      | Reached XP level 2. HP: 2/25 MP: 4/4
   608 | D:1      | Reached skill level 3 in Shields
   952 | D:2      | Found a burning altar of Makhleb.
  1013 | D:2      | Reached XP level 3. HP: 31/31 MP: 5/5
  1742 | D:3      | Reached XP level 4. HP: 38/38 MP: 6/6
  2044 | D:3      | Found a hazy altar of Hepliaklqana.
  2081 | D:3      | Noticed a bullfrog
  2098 | D:3      | Killed a bullfrog
  2099 | D:3      | Reached XP level 5. HP: 23/45 MP: 7/7
  2589 | D:3      | Found a shadowy altar of Dithmenos.
  2905 | D:4      | Noticed an eye of draining
  2908 | D:4      | Found a bloodstained altar of Trog.
  2908 | D:4      | Noticed an eye of draining
  2908 | D:4      | Noticed an eye of draining
  2925 | D:4      | Killed an eye of draining
  2926 | D:4      | Reached skill level 4 in Shields
  2928 | D:4      | Slain by a gnoll

Illustrated notes

Levels and vault maps discovered:
D:1:      amcnicky_arrival_underground_garden, layout_basic,
          minmay_small_reverse_x
D:2:      layout_loops_ring, lemuel_coloured_pillars_altar
D:3:      layout_rooms, nzn_hepliaklqana_mist_gate, marbit_many_paths
D:4:      layout_loops_corners, minmay_temple_entry_wispy, grunt_decor_cap,
          trog_eyes_of_draining

Skill      XL: |  1  2  3  4  5 |
---------------+----------------+-----
Axes           | 2 3 |  3.5
Shields        | 3 4 |  4.1
Fighting       | 3 |  3.5
Armour         | 3 |  3.5

Action                   |  1- 3 |  4- 6 || total
-------------------------+-------+-------++-------
Melee: War axe           |   144 |    85 ||   229
Armor: Scale mail        |    93 |    36 ||   129
       Chain mail        |       |     5 ||     5
Dodge: Dodged            |    54 |    27 ||    81
Block: Kite shield       |    99 |    65 ||   164

Table legend: (Time is in decaauts)
 A = Elapsed time spent in this place.
 B = Non-inter-level travel time spent in this place.
 C = Inter-level travel time spent in this place.
 D = Time resting spent in this place.
 E = Time spent auto-exploring this place.
 F = Levels seen in this place.
 G = Mean time per level.
                   A        B        C        D        E       F      G
               +--------+--------+--------+--------+--------+-----+--------+
         Total |   3065 |   3065 |      0 |    689 |   1405 |   4 |  766.2 |
       Dungeon |   3065 |   3065 |      0 |    689 |   1405 |   4 |  766.2 |
               +--------+--------+--------+--------+--------+-----+--------+

Top non-repeatable levels by time:
     D:3: 1086 daAuts
     D:1: 996 daAuts
     D:2: 796 daAuts
     D:4: 185 daAuts
